 Dungeon Crawl Stone Soup version 0.32-a0-7-ge934b4519a (webtiles) character file.

Game seed: 3648425130484837631

309 keekatzer the Changeling (level 6, 0/37 HPs)
             Began as a Kobold Shapeshifter on Jan 13, 2024.
             Slain by an orc
             ... wielding a +0 flail
              (9 damage)
             ... on level 5 of the Dungeon.
             The game lasted 00:17:38 (2554 turns).

keekatzer the Changeling (Kobold Shapeshifter)      Turns: 2554, Time: 00:17:39

Health: 0/37       AC:  3    Str: 19    XL:     6   Next: 69%
Magic:  6/6        EV: 15    Int: 12    God:
Gold:   169        SH:  0    Dex: 14    Spells: 5/5 levels left

rFire   . . .        u - +0 lajatang
rCold   . . .        (shield currently unavailable)
rNeg    . . .        p - +0 leather armour
rPois   .            (helmet currently unavailable)
rElec   .            (cloak currently unavailable)
rCorr   .            (gloves currently unavailable)
SInv    .            (boots currently unavailable)
Will    .....        (no amulet)
Stlth   +++          m - +6 ring of strength
HPRegen 0.26/turn    t - +4 ring of slaying
MPRegen 0.10/turn

%: no passive effects
@: beast-form
A: beast (slay +2), small, no large weapons, nightstalker 3
a: Begin Untransformation


You were on level 5 of the Dungeon.
You were a hulking beast.
You visited 1 branch of the dungeon, and saw 5 of its levels.

You collected 169 gold pieces.

Inventory:

Hand Weapons
 j - a +1 heavy spear
 u - a +0 lajatang (weapon)
Missiles
 g - 3 atropa-tipped darts (quivered)
 l - 5 poisoned darts
Armour
 h - a +0 cloak
 p - a +0 leather armour (worn)
 r - a +0 pair of boots
Jewellery
 m - a +6 ring of strength (left hand)
 t - a +4 ring of slaying (right hand)
Talismans
 c - a beast talisman
 d - a flux talisman
Wands
 b - a wand of flame (19)
Scrolls
 f - a scroll of teleportation {unknown}
 k - 2 scrolls of identify
 n - 2 scrolls of vulnerability
 v - a scroll of fog {unknown}
 w - a scroll of fear {unknown}
 x - a scroll of immolation {unknown}
Potions
 a - a potion of heal wounds
 i - 5 potions of curing {unknown}
 o - a potion of degeneration {unknown}
 q - 2 potions of mutation {unknown}
 s - a potion of invisibility {unknown}


   Skills:
 - Level 3.0 Fighting
 - Level 4.1 Dodging
 - Level 3.0 Stealth
 - Level 3.7 Unarmed Combat
 * Level 4.5 Shapeshifting


You had 5 spell levels left.
You didn't know any spells.
Your spell library was empty.

Dungeon Overview and Level Annotations

Branches:
Dungeon (5/15)
 Temple: D:4-7

Altars:


Innate Abilities, Weirdness & Mutations

You are a hulking beast.
Your limbs bulge with bestial killing power. (Slay +2)
You are small and have problems with some larger weapons.
You are completely attuned to the shadows.


Message History

There is a stone staircase leading down here.
You climb downwards.
There is a stone staircase leading up here.
There is an open door here. 2 orcs come into view.
The orc priest shouts!
The orc shouts!
You hear a shout! x2
An orc priest comes into view. It is wielding a +0 flail.
You hit the orc priest but do no damage.
The orc priest mumbles some strange prayers to Beogh against you.
Beogh smites you!
An orc comes into view. It is wielding a +0 club.
The orc priest closely misses you.
The orc priest mumbles some strange prayers to Beogh against you.
Beogh smites you!
* * * LOW HITPOINT WARNING * * *
There is an open door here.
Throw: 4 darts (atropa)
Press: ? - help, Q - select action, (/) - cycle Shift-Dir - straight line, f - orc priest
Aim: an orc priest, wielding a +0 dagger and wearing a +0 ring mail (69% to hit, chance to blind on hit: 83%)
You throw an atropa-tipped dart.
The atropa-tipped dart hits the orc priest.
The orc priest appears confused.
The orc priest seems less confused.
The orc attacks as it pursues you! The orc hits you with a +0 flail.
* * * LOW HITPOINT WARNING * * *
The orc attacks as it pursues you! The orc hits you with a +0 flail.
* * * LOW HITPOINT WARNING * * *
You completely miss the orc. The orc attacks as it pursues you!
The orc closely misses you. The orc attacks as it pursues you!
The orc closely misses you. The orc attacks as it pursues you!
The orc barely misses you. The orc attacks as it pursues you!
The orc barely misses you.
There is a stone staircase leading down here.
You barely miss the orc. The orc misses you. The orc misses you.
You climb downwards.
Found a barding.
There is a stone staircase leading up here.
You barely miss the orc. The orc hits you with a +0 flail!
You die...

#......
##......
#.......
##.......
....h....
##.o.....
.........
.........
..[......


You could see an orc.

Vanquished Creatures
  2 bombardier beetles
  An orc priest (D:4)
  An iguana (D:4)
  An orc wizard (D:4)
  3 gnolls (D:3)
  6 adders
  3 dart slugs
  2 ribbon worms
  4 orcs
  8 ball pythons
  6 endoplasms
  2 giant cockroaches
  5 goblins
  5 hobgoblins
  3 quokkas
  3 bats
  6 frilled lizards
  6 kobolds
  14 rats
81 creatures vanquished.

Notes
Turn   | Place    | Note
-------+----------+-------------------------------------------
     0 | D:1      | keekatzer the Kobold Shapeshifter began the quest for the
                  | Orb.
     0 | D:1      | Reached XP level 1. HP: 12/12 MP: 1/1
   124 | D:1      | Reached XP level 2. HP: 16/16 MP: 2/2
   407 | D:1      | Reached XP level 3. HP: 20/20 MP: 3/3
   505 | D:1      | Reached skill level 1 in Stealth
   845 | D:2      | Reached XP level 4. HP: 16/26 MP: 4/4
  1286 | D:3      | Reached XP level 5. HP: 30/30 MP: 5/5
  1541 | D:3      | Found a faded altar of an unknown god.
  1914 | D:4      | Reached XP level 6. HP: 17/36 MP: 6/6
  2112 | D:4      | Noticed a black bear
  2553 | D:5      | Entered Level 5 of the Dungeon
  2554 | D:5      | Slain by an orc

Illustrated notes

Levels and vault maps discovered:
D:1:      dpeg_arrival_windows_large_door, layout_rooms, serial_rivers,
          chequers_serial_rivers_micro_e, chequers_serial_rivers_large_a,
          chequers_serial_rivers_room_a, chequers_serial_rivers_micro_b,
          chequers_serial_rivers_micro_b, chequers_serial_rivers_large_b,
          nicolae_figureground_pulse
D:2:      layout_basic, minmay_rat_gold_closets
D:3:      layout_basic, ebering_ecumenical_altar_rust
D:4:      layout_basic
D:5:      layout_basic

Skill      XL: |  1  2  3  4  5  6 |
---------------+-------------------+-----
Stealth        | 1 2 3 |  3.0
Dodging        | 3 4 |  4.1
Fighting       | 2 3 |  3.0
Shapeshifting  | 4 |  4.5
Unarmed Combat | |  3.7

Action                     |  1- 3 |  4- 6 || total
---------------------------+-------+-------++-------
  Melee: Unarmed           |    12 |       ||    12
         Spear             |    42 |    38 ||    80
         Lajatang          |       |    59 ||    59
         Punch             |       |     2 ||     2
  Throw: Dart              |     2 |    12 ||    14
    Use: Potion            |       |     2 ||     2
         Scroll            |       |     2 ||     2
   Stab: Sleeping          |    22 |    14 ||    36
         Invisible         |       |     2 ||     2
 Armour: Animal skin       |     7 |       ||     7
         Leather armour    |     7 |    39 ||    46
         Skin              |       |     8 ||     8
  Dodge: Dodged            |    20 |    75 ||    95

Table legend: (Time is in decaauts)
 A = Elapsed time spent in this place.
 B = Non-inter-level travel time spent in this place.
 C = Inter-level travel time spent in this place.
 D = Time resting spent in this place.
 E = Time spent auto-exploring this place.
 F = Levels seen in this place.
 G = Mean time per level.
                   A        B        C        D        E       F      G
               +--------+--------+--------+--------+--------+-----+--------+
         Total |   2667 |   2667 |      0 |    340 |     12 |   5 |  533.4 |
       Dungeon |   2667 |   2667 |      0 |    340 |     12 |   5 |  533.4 |
               +--------+--------+--------+--------+--------+-----+--------+

Top non-repeatable levels by time:
     D:3: 906 daAuts
     D:1: 662 daAuts
     D:4: 566 daAuts
     D:2: 532 daAuts
     D:5: 0 daAuts
